cohdb
Replays
Latest Replays
All Replays
Popular Replays
Top Player Replays
Match Explorer
How It Works
Community
CoH3 Stats
Reddit
Sign in to upload your games and track your stats! →
Sign in with Steam
Match 37789403
Unlisted
Match 37789403
Overview
Messages
Build Orders
End
Panzergrenadier Squad
Selects Battlefield Espionage Battlegroup
250 Light Carrier
Panzergrenadier Squad
Construct Light Support Kompanie
Combat Half-tracks
Selects Intel Disruption Beacon
Fire Support Elements
MG34 Team
2.5-tonne Medical Truck
Forward Retreat Point
Pak 38 Mechanized Group
Selects Transfer Depots
Construct Panzerarmee Kommand
Panzer III L Medium Tank
Walking Stuka Rocket Launcher
Selects Firestorm
Panzer III L Medium Tank
Emergency Repair Kits
Firestorm
Panzer III L Medium Tank
UH|dun! ツ
UH|ck
insane
iceman
Square
George_Floyd
Inglourious Basterds
малыш SCRAPSTER ツ
0
0
Comments
sign in to comment!
No comments posted yet!